Map: Dead of Night

Players

NamroodTuo

  • Race: Terran Terran
  • Spawn Location: 0:00

LoneFighter

  • Race: Zerg Zerg
  • Spawn Location: 0:00

VOD

Have the link to the VOD?

Description

Time

  • Played on: March 18, 2023, 4:24 p.m.
  • Length: 26:48
Show
View Real Time Build Order
Export as new Build Order

NamroodTuo Terran 

Build Orders:  

Get SALT Encoding   

  12  0:05  SCV  
  13  0:31  SCV  
  14  0:44  Supply Depot  
  14  0:45  SCV  
  15  1:22  SCV, Supply Depot, Factory  
  16  1:32  Refinery  
  16  1:36  SCV  
  17  1:50  SCV  
  18  2:03  SCV  
  19  2:17  SCV  
  20  2:23  Perdition Turret  
  20  2:25  Perdition Turret  
  20  2:27  Perdition Turret  
  20  2:30  SCV  
  21  2:44  SCV  
  22  2:55  Refinery  
  22  2:57  SCV  
  23  3:08  Devastation Turret  
  23  3:11  SCV  
  24  3:25  SCV  
  25  3:38  SCV  
  26  3:47  Devastation Turret  
  26  3:52  SCV  
  27  4:05  SCV  
  27  4:07  Perdition Turret  
  27  4:08  Perdition Turret x2  
  28  4:14  Devastation Turret  
  28  4:15  Perdition Turret  
  28  4:17  Perdition Turret  
  28  4:19  SCV  
  29  4:24  Devastation Turret  
  29  4:40  Engineering Bay  
  29  4:52  SCV  
  29  4:53  Armory  
  30  5:00  Perdition Turret  
  30  5:04  Perdition Turret  
  30  5:06  SCV  
  31  5:12  Perdition Turret x2  
  31  5:13  Perdition Turret  
  31  5:24  Factory Tech Reactor  
  31  5:27  Devastation Turret  
  31  5:29  Perdition Turret  
  31  5:30  Perdition Turret  
  31  5:31  Devastation Turret  
  31  5:35  Fire-Suppression Systems  
  31  5:37  Perdition Turret  
  31  5:40  Perdition Turret x2  
  31  5:43  Perdition Turret  
  31  5:44  Perdition Turret  
  31  5:46  Perdition Turret  
  31  5:49  Upgrade Laser Drill Level 1  
  31  5:58  Perdition Turret  
  31  5:59  Perdition Turret, Devastation Turret  
  31  6:02  Perdition Turret  
  31  6:05  Perdition Turret  
  31  6:06  Perdition Turret  
  31  6:08  Perdition Turret  
  31  6:14  Perdition Turret  
  31  6:19  Perdition Turret  
  31  6:20  Perdition Turret  
  31  6:25  Perdition Turret  
  31  6:26  Perdition Turret  
  31  6:27  Perdition Turret  
  31  6:35  KMC Auto-Loaders  
  31  6:40  Perdition Turret  
  31  6:43  Perdition Turret  
  31  6:48  Perdition Turret  
  31  6:50  Perdition Turret  
  31  6:53  Perdition Turret  
  31  7:01  Advanced Optics  
  31  7:03  Devastation Turret  
  31  7:09  Perdition Turret  
  31  7:12  Supply Depot  
  31  7:34  SCV  
  32  7:47  SCV  
  33  8:00  Supply Depot  
  33  8:01  SCV  
  33  8:02  Starport  
  33  8:05  Structure Armor  
  34  8:14  SCV  
  35  8:27  Supply Depot  
  35  8:28  SCV  
  36  8:35  Devastation Turret  
  36  8:41  SCV  
  37  8:55  SCV, Starport Tech Reactor  
  38  9:01  Regenerative Bio-Steel  
  38  9:04  Supply Depot  
  38  9:08  Starport  
  38  9:13  SCV  
  38  9:14  Refinery  
  39  9:21  Upgrade Laser Drill Level 2  
  39  9:27  SCV  
  40  9:40  SCV  
  41  9:54  SCV  
  41  9:55  Starport Tech Reactor  
  42  10:07  SCV  
  43  10:27  Spinning Dizzy  
  43  10:28  Devastation Turret  
  43  10:31  Terran Vehicle And Ship Armor Level 1  
  43  10:33  SCV  
  44  10:47  SCV  
  45  10:53  Spinning Dizzy  
  45  11:03  Perdition Turret  
  45  11:08  Devastation Turret  
  45  11:18  Perdition Turret  
  45  11:30  Spinning Dizzy  
  45  11:59  Devastation Turret  
  45  12:01  Devastation Turret  
  45  12:04  Devastation Turret  
  45  12:22  Perdition Turret  
  45  12:27  Perdition Turret  
  45  12:31  Devastation Turret  
  45  12:32  Devastation Turret  
  45  12:39  Perdition Turret x2  
  45  12:51  SCV  
  45  12:59  Devastation Turret  
  46  13:04  SCV, Pulse Amplifier  
  47  13:11  Terran Vehicle and Ship Weapons Level 1  
  47  13:12  Perdition Turret  
  47  13:13  Perdition Turret  
  47  13:15  Perdition Turret x2  
  47  13:17  Perdition Turret  
  47  13:18  SCV  
  48  13:23  Wraith x4  
  55  13:30  Perdition Turret x2  
  55  13:31  SCV, Perdition Turret x2  
  56  13:40  Devastation Turret  
  56  13:45  SCV  
  56  13:46  Perdition Turret  
  56  13:49  Perdition Turret x3  
  57  13:53  Devastation Turret  
  57  14:00  Perdition Turret  
  57  14:01  Perdition Turret  
  57  14:02  Wraith  
  57  14:03  Perdition Turret, Wraith x2  
  57  14:04  Displacement Field  
  57  14:05  Perdition Turret x4  
  63  14:12  Perdition Turret  
  63  14:14  Perdition Turret  
  63  14:15  Perdition Turret x2  
  63  14:17  Perdition Turret  
  63  14:18  Perdition Turret  
  63  14:19  Perdition Turret  
  63  14:21  Perdition Turret  
  63  14:23  Perdition Turret  
  59  14:32  Perdition Turret  
  59  14:33  Perdition Turret x3  
  59  14:37  Perdition Turret x2  
  59  14:38  Perdition Turret  
  59  14:40  Supply Depot  
  59  14:49  Wraith x2  
  63  14:50  Perdition Turret x3  
  63  14:51  Perdition Turret x2  
  63  14:54  Wraith x2  
  63  14:56  Supply Depot  
  67  15:07  Supply Depot  
  67  15:29  Science Vessel, Wraith  
  71  15:33  Science Vessel  
  71  15:34  Devastation Turret  
  71  15:35  Devastation Turret  
  71  15:37  Devastation Turret  
  71  15:39  SCV  
  74  15:51  Terran Vehicle And Ship Armor Level 2  
  74  15:53  SCV  
  74  15:59  Science Vessel  
  77  16:07  SCV  
  77  16:09  Science Vessel  
  80  16:11  Improved Nano-Repair  
  80  16:13  Defensive Matrix  
  80  16:20  SCV  
  80  16:25  Hi-Sec Auto Tracking  
  81  16:42  Devastation Turret  
  81  16:47  Perdition Turret  
  81  17:14  Perdition Turret  
  81  17:15  Spinning Dizzy  
  81  18:07  Perdition Turret, Devastation Turret  
  81  18:18  Devastation Turret  
  81  18:30  SCV  
  81  18:35  Devastation Turret  
  82  18:43  SCV  
  82  18:44  Supply Depot  
  82  18:46  Devastation Turret  
  82  18:48  Supply Depot  
  83  18:50  Supply Depot  
  83  18:54  Supply Depot  
  83  18:57  SCV  
  84  19:01  Terran Vehicle and Ship Weapons Level 2  
  83  19:10  SCV  
  83  19:15  Devastation Turret  
  84  19:23  Perdition Turret  
  84  19:24  Perdition Turret  
  84  19:28  Perdition Turret  
  84  19:31  Perdition Turret, Devastation Turret  
  84  19:32  Perdition Turret  
  84  19:33  Perdition Turret  
  84  19:34  Perdition Turret x4  
  83  19:40  Perdition Turret x2  
  83  19:41  Perdition Turret x2  
  83  19:44  Devastation Turret  
  83  19:51  Perdition Turret x3  
  83  19:52  Perdition Turret  
  83  19:53  Perdition Turret  
  83  19:54  Wraith x4  
  83  19:55  Perdition Turret  
  91  20:03  SCV  
  91  20:06  Perdition Turret  
  92  20:10  Perdition Turret  
  92  20:13  Perdition Turret  
  92  20:16  SCV, Perdition Turret  
  93  20:20  Perdition Turret x2  
  93  20:26  Perdition Turret  
  93  20:27  Perdition Turret x3  
  90  20:30  SCV  
  90  20:34  Wraith x4  
  90  20:37  Perdition Turret  
  99  20:41  Perdition Turret  
  99  20:45  Perdition Turret  
  99  20:49  Perdition Turret  
  99  20:50  Perdition Turret  
  99  20:51  Perdition Turret x4  
  99  20:57  Perdition Turret  
  99  21:07  Perdition Turret  
  99  21:08  Devastation Turret  
  99  21:10  Devastation Turret  
  99  21:14  Spinning Dizzy, Wraith x4  
  99  21:18  Perdition Turret  
  99  21:19  Perdition Turret  
  107  21:20  Perdition Turret x4  
  107  21:23  Perdition Turret x2  
  107  21:26  Perdition Turret  
  107  21:30  Perdition Turret  
  107  21:33  Devastation Turret  
  107  21:48  Perdition Turret x2  
  107  21:49  Perdition Turret x3  
  107  21:51  Perdition Turret  
  107  21:53  Perdition Turret  
  107  21:54  Science Vessel, Wraith  
  107  21:55  Perdition Turret  
  111  22:02  Supply Depot, Devastation Turret  
  111  22:07  Perdition Turret  
  111  22:11  Perdition Turret x2, Terran Vehicle And Ship Armor Level 3, Supply Depot  
  111  22:12  Perdition Turret  
  111  22:20  Perdition Turret  
  111  22:32  Devastation Turret  
  111  22:43  Science Vessel x3  
  111  22:45  Science Vessel  
  119  22:59  Devastation Turret  
  97  23:27  Devastation Turret  
  97  23:34  Devastation Turret  
  97  23:46  Devastation Turret  
  97  23:54  Devastation Turret  
  97  23:56  Spinning Dizzy  
  97  24:06  Spinning Dizzy  
  97  24:07  Spinning Dizzy  
  97  24:08  Spinning Dizzy  
  97  24:12  Spinning Dizzy  
  97  24:24  Devastation Turret  
  97  24:29  Devastation Turret x2  
  97  24:30  Devastation Turret  
  97  24:35  Devastation Turret  
  97  24:50  Wraith x2  
  101  25:01  Spinning Dizzy  
Show
View Real Time Build Order
Export as new Build Order

LoneFighter Zerg 

Build Orders:  

Get SALT Encoding   

  12  0:03  Drone  
  13  0:23  Drone  
  13  0:26  Overlord  
  14  0:52  Drone x3  
  17  1:07  Drone  
  18  1:17  Drone  
  19  1:29  Hatchery  
  18  1:45  Drone  
  19  1:57  Drone  
  20  2:05  Hatchery  
  19  2:25  Drone x2  
  21  2:38  Spawning Pool  
  20  2:53  Drone x2  
  20  2:54  Drone x2  
  24  3:07  Drone  
  24  3:08  Drone  
  24  3:09  Drone  
  27  3:17  Queen  
  29  3:20  Queen  
  29  3:28  Drone  
  29  3:29  Drone  
  33  3:30  Drone  
  34  3:43  Overlord  
  34  3:44  Overlord  
  34  3:53  Overlord  
  34  4:07  Extractor x2  
  34  4:09  Extractor  
  31  4:10  Drone x2  
  31  4:11  Drone  
  31  4:13  Drone x3  
  37  4:32  Drone x3  
  37  4:35  Drone x2  
  37  4:38  Drone  
  43  5:32  Drone  
  43  5:33  Drone x2  
  46  5:47  Evolution Chamber  
  46  5:49  Evolution Chamber  
  44  5:50  Evolution Chamber, Lair  
  43  7:05  Zerg Missile Weapons Level 1, Zerg Melee Weapons Level 1  
  43  7:07  Zerg Ground Armor Level 1  
  43  7:11  Hive  
  43  7:22  Drone x2  
  45  7:31  Hydralisk Den  
  44  7:44  Zergling x2  
  44  7:45  Zergling x26  
  58  7:50  Overlord  
  58  7:51  Overlord x10  
  58  8:33  Zergling x2  
  58  8:34  Zergling x26  
  58  8:35  Zergling x4  
  74  9:28  Zergling x2  
  74  9:29  Zergling x26  
  88  9:45  Heroic Fortitude, Chain Reaction  
  118  10:52  Hydralisk  
  118  10:53  Hydralisk x14  
  118  10:56  Hydralisk  
  119  11:01  Metabolic Boost  
  112  11:32  Nydus Network  
  108  11:46  Ability Efficiency  
  108  11:47  Zerg Melee Weapons Level 2  
  108  11:48  Zerg Missile Weapons Level 2  
  106  12:01  Hardened Carapace  
  106  12:48  Muscular Augments  
  106  12:53  Omega Worm  
  106  13:01  Adrenal Overload  
  106  13:46  Zerg Ground Armor Level 2  
  106  13:48  Ancillary Carapace  
  106  13:49  Zergling x2  
  84  13:50  Zergling x38  
  109  13:51  Zergling x10  
  109  13:52  Hydralisk  
  133  14:02  Shredding Claws  
  133  14:07  Omega Worm  
  133  14:29  Overlord x3  
  133  14:30  Overlord x2  
  133  15:15  Omega Worm  
  133  15:18  Frenzy  
  131  15:46  Zergling x2  
  131  15:47  Zergling x18  
  131  15:48  Zergling x32  
  141  16:56  Overlord x4  
  141  16:57  Overlord  
  141  17:01  Overseer x2  
  141  17:02  Overseer  
  141  17:10  Overlord x3  
  141  17:11  Overlord x2  
  141  17:17  Zergling x2  
  141  17:18  Zergling x2  
  149  17:21  Hydralisk, Zergling x2  
  149  17:22  Hydralisk x2  
  150  17:45  Omega Worm  
  149  20:01  Zerg Ground Armor Level 3, Zerg Melee Weapons Level 3, Zerg Missile Weapons Level 3  
  149  20:12  Omega Worm  
  108  20:31  Overseer  
  108  20:37  Hydralisk  
  108  20:38  Hydralisk x17  
  144  21:13  Omega Worm  
  142  21:40  Zergling x2  
  142  21:41  Zergling x22  
  154  21:54  Zergling x2  
  154  21:55  Zergling x4  
  137  22:40  Overseer  
  157  22:41  Overseer x2  
  123  23:58  Zergling x14  
  123  23:59  Zergling x46  
  108  24:46  Omega Worm  
  107  24:55  Zergling x2  
  107  24:56  Zergling x36  
  107  24:57  Zergling x10  
  129  25:16  Hydralisk  
  129  25:19  Hydralisk x2  
  157  25:40  Hydralisk x4  
  157  25:41  Hydralisk x7  
  155  25:52  Omega Worm  
Tags
 
Commander
KerriganSwann
Matchup
Co-op
Replay Pack
Multiplayer
Add a new tag
Caveats
  • Supply blocks, unpowered buildings, or Contaminate may cause inaccurate times.
  • Supply counts are checked every 10 seconds.